 Dungeon Crawl Stone Soup version 0.21.0 (webtiles) character file.

1251 Hekarica the Skirmisher (level 8, -1/43 HPs)
             Began as a Vine Stalker Fighter on May 24, 2018.
             Slain by a wight
             ... wielding a +2 flail
              (4 damage)
             ... on level 6 of the Dungeon.
             The game lasted 00:16:24 (4458 turns).

Hekarica the Skirmisher (Vine Stalker Fighter)      Turns: 4458, Time: 00:16:24

Health: -1/43      AC:  6    Str: 25    XL:     8   Next: 51%
Magic:  0/9        EV:  7    Int:  8    God:
Gold:   185        SH: 13    Dex: 15    Spells: 7/7 levels left

rFire    . . .     SeeInvis .   a - +0 war axe
rCold    . . .     Gourm    .   c - +3 shield
rNeg     . . .     Faith    .   b - +0 scale mail
rPois    .         Spirit   +   (no helmet)
rElec    .         Reflect  .   (no cloak)
rCorr    .         Harm     .   (no gloves)
MR       +....                  (no boots)
Stlth    ..........             (no amulet)
HPRegen  0.54/turn              (no ring)
MPRegen  0.11/turn              (no ring)

@: mighty, heavily drained
A: fangs 3, regeneration 1, magic shield, antimagic bite, no potion heal 3, rot
immunity
a: no special abilities


You were on level 6 of the Dungeon.
You were not hungry.

You visited 2 branches of the dungeon, and saw 7 of its levels.
You also visited: Sewer.

You collected 185 gold pieces.

Inventory:

Hand Weapons
 a - a +0 war axe (weapon)
 k - a +4 flail of holy wrath
 t - a +0 dagger of venom
 u - a +1 flail of holy wrath
Armour
 b - a +0 scale mail (worn)
 c - a +3 shield (worn)
Wands
 j - a wand of enslavement (21)
Scrolls
 f - a scroll of fog
 i - 4 scrolls of remove curse
 l - 3 scrolls of teleportation
Potions
 d - a potion of might
 e - a potion of brilliance
 g - a potion of agility
 h - a potion of haste {unknown}
 o - 3 potions of heal wounds
 p - 2 potions of curing
 q - a potion of flight {unknown}
 r - a potion of mutation
 s - a potion of berserk rage
Comestibles
 m - a chunk of flesh


   Skills:
 + Level 5.2(3.3) Fighting
 + Level 4.8(3.0) Axes
 + Level 4.8(2.9) Armour
 + Level 5.2(3.3) Shields


You had 7 spell levels left.
You didn't know any spells.

Dungeon Overview and Level Annotations

Branches:
Dungeon (6/15)             Temple (1/1) D:5

Altars:
Ashenzari
Cheibriados
Elyvilon
Fedhas
Hepliaklqana
Kikubaaqudgha
Makhleb
Nemelex Xobeh
Sif Muna
Trog
Vehumet
Wu Jian
Lugonu


Innate Abilities, Weirdness & Mutations

You have razor-sharp teeth.
Your natural rate of healing is unusually fast.
When hurt, damage is shared between your health and your magic reserves.
Your bite disrupts and absorbs the magic of your enemies.
Potions cannot restore your health.
You are immune to rotting.


Message History

The wight hits you with an enchanted flail.
* * * LOW HITPOINT WARNING * * *
You feel drained.
* * * LOW HITPOINT WARNING * * *
You feel very mighty all of a sudden. The wight barely misses you.
The wight hits you with an enchanted flail.
* * * LOW HITPOINT WARNING * * *
You feel drained.
* * * LOW HITPOINT WARNING * * *
You closely miss the wight.
The wight is heavily damaged.
You barely miss the wight. The wight hits you but does no damage.
The wight hits you with an enchanted flail.
* * * LOW HITPOINT WARNING * * *
You slash the wight!
You destroy the wight!
Your shield and scale mail prevent you from hitting the wight.
The wight hits you with an enchanted flail.
You die...

### ## ..
...######.#
..........#
...#..z...#
#.....)@#
#.##.##.#
#<# #.# #.#
#.# #
#.#+####.#
#........#
#........#


You could see a wight.

Vanquished Creatures
  The ghost of Hekarica the Magician, an amateur TeWz of Gozag (D:5)
  Edmund (D:4)
  2 ogres (D:4)
  A scorpion (D:4)
  2 wights (D:6)
  2 crimson imps (D:5)
  A bullfrog zombie (D:6)
  2 orc priests
  2 hounds
  2 iguanas (D:5)
  3 orc wizards
  Natasha (thrice) (D:4)
  A worker ant (D:5)
  7 adders
  4 gnolls (D:3)
  3 oozes
  An adder skeleton (D:5)
  A worm (D:3)
  3 dart slugs
  3 leopard geckos
  10 orcs
  7 giant cockroaches
  10 goblins
  8 hobgoblins
  11 jackals
  3 quokkas
  4 ball pythons
  8 bats
  5 frilled lizards
  14 kobolds
  10 rats
  8 plants (Sewer)
143 creatures vanquished.

Vanquished Creatures (others)
  A plant (Sewer)
  5 toadstools (D:1)
6 creatures vanquished.

Grand Total: 149 creatures vanquished

Notes
Turn   | Place    | Note
-------+----------+-------------------------------------------
     0 | D:1      | Hekarica the Vine Stalker Fighter began the quest for the Orb.
     0 | D:1      | Reached XP level 1. HP: 11/11 MP: 2/2
    47 | D:1      | Reached XP level 2. HP: 16/16 MP: 3/3
   181 | D:1      | Reached XP level 3. HP: 17/20 MP: 4/4
   722 | D:2      | Gained mutation: Your natural rate of healing is unusually fast. [Vine Stalker growth]
   722 | D:2      | Reached XP level 4. HP: 21/24 MP: 5/5
  1225 | D:3      | Reached XP level 5. HP: 24/28 MP: 6/6
  1300 | D:3      | Found a glowing drain.
  1304 | Sewer    | Entered a sewer
  2096 | D:3      | Found an ancient bone altar of Kikubaaqudgha.
  2185 | D:3      | Found a faded altar of an unknown god.
  2340 | D:3      | Reached XP level 6. HP: 20/33 MP: 7/7
  2427 | D:3      | Found a white marble altar of Elyvilon.
  2535 | D:3      | Found a burning altar of Makhleb.
  2539 | D:3      | Found a bloodstained altar of Trog.
  2544 | D:3      | Found an ornate altar of the Wu Jian Council.
  2738 | D:4      | Noticed Natasha
  2742 | D:4      | Noticed Edmund
  2749 | D:4      | Killed Natasha
  2749 | D:4      | Reached XP level 7. HP: 4/37 MP: 0/8
  2750 | D:4      | HP: 1/37 [Edmund/flail of holy wrath (4)]
  2754 | D:4      | Killed Edmund
  2854 | D:4      | Noticed Natasha
  2860 | D:4      | Killed Natasha
  3376 | D:4      | Noticed Natasha
  3385 | D:4      | Killed Natasha
  3444 | D:5      | Entered Level 5 of the Dungeon
  3466 | D:5      | Noticed Hekarica's ghost (amateur TeWz)
  3483 | D:5      | Killed Hekarica's ghost
  3483 | D:5      | Gained mutation: You have razor-sharp teeth. [Vine Stalker growth]
  3483 | D:5      | Reached XP level 8. HP: 42/42 MP: 9/9
  3653 | D:5      | Found a staircase to the Ecumenical Temple.
  3661 | Temple   | Entered the Ecumenical Temple
  3769 | D:5      | Found a sparkling altar of Nemelex Xobeh.
  3879 | D:5      | Reached skill level 5 in Fighting
  3879 | D:5      | Reached skill level 5 in Shields
  4457 | D:6      | HP: 2/43 [wight/enchanted flail (4)]
  4458 | D:6      | Slain by a wight

Skill      XL: |  1  2  3  4  5  6  7  8 |
---------------+-------------------------+-----
Axes           | 2 3 4 |  4.8
Fighting       | 3 4 5 |  5.2
Shields        | 3 4 5 |  5.2
Armour         | 3 4 |  4.8

Action                   |  1- 3 |  4- 6 |  7- 9 || total
-------------------------+-------+-------+-------++-------
Melee: War axe           |    63 |   312 |   122 ||   497
       Bite              |    12 |   121 |    40 ||   173
  Use: Scroll            |       |    11 |     8 ||    19
       Potion            |       |     1 |     1 ||     2
  Eat: Ration            |       |     1 |     1 ||     2
       Chunk             |       |     3 |     3 ||     6
Armor: Scale mail        |    27 |    83 |    30 ||   140
Dodge: Dodged            |    18 |    65 |    32 ||   115
Block: Shield            |    38 |   123 |    74 ||   235
